 Dungeon Crawl Stone Soup version 0.31-a0-750-gfe7b580527 (webtiles) character file.

Game seed: 17717961792804279363

4604 randomguy2701 the Cleaver (level 10, -13/86 HPs)
             Began as a Hill Orc Fighter on Sept 14, 2023.
             Was an Elder of Beogh.
             Mangled by a balrug
             ... wielding a +0 demon whip
             ... summoned by a deep elf demonologist
              (25 damage)
             ... on level 1 of the Abyss.
             The game lasted 00:10:43 (6113 turns).

randomguy2701 the Cleaver (Hill Orc Fighter)        Turns: 6113, Time: 00:10:44

Health: -13/86     AC: 17    Str: 26    XL:     10   Next: 42%
Magic:  13/13      EV: 13    Int:  8    God:    Beogh [****..]
Gold:   396        SH:  5    Dex: 14    Spells: 9/9 levels left

rFire   . . .        a - +0 war axe
rCold   . . .        c - +0 buckler
rNeg    . . .        N - +0 plate armour
rPois   .            (no helmet)
rElec   .            s - +0 cloak
rCorr   .            L - +0 pair of gloves
SInv    .            M - +0 pair of boots
Will    .....        k - amulet of regeneration Stlth
                     g - +6 ring of strength
HPRegen 1.14/turn    o - +5 ring of evasion
MPRegen 0.13/turn

%: no passive effects
@: weak-willed
A: no striking features
a: Renounce Religion, Smiting, Recall Orcish Followers


You were on level 1 of the Abyss.
You worshipped Beogh.
Beogh was greatly pleased with you.
You visited 1 branch of the dungeon, and saw 9 of its levels.
You visited the Abyss 1 time.
You also visited: Ossuary.

You collected 420 gold pieces.
You spent 24 gold pieces at shops.

Inventory:

Hand Weapons
 a - a +0 war axe (weapon)
 t - the +8 whip "Geifuux" {holy, Int+2 Dex+3}
   (You found it on level 3 of the Dungeon)

   Int+2:     It affects your intelligence (+2).
   Dex+3:     It affects your dexterity (+3).
Missiles
 y - 6 throwing nets
Armour
 c - a +0 buckler (worn)
 s - a +0 cloak (worn)
 L - a +0 pair of gloves (worn)
 M - a +0 pair of boots (worn)
 N - a +0 plate armour (worn)
Jewellery
 g - a +6 ring of strength (left hand)
 k - an amulet of regeneration (around neck)
 o - a +5 ring of evasion (right hand)
 q - a ring of fire
 r - a ring of protection from cold
 v - a ring of poison resistance
 x - an amulet of the acrobat
 E - an amulet of guardian spirit
Wands
 J - a wand of iceblast (14)
Scrolls
 e - 3 scrolls of vulnerability
 f - a scroll of teleportation {unknown}
 j - 2 scrolls of identify
 l - 2 scrolls of noise
 m - 2 scrolls of amnesia {unknown}
 n - a scroll of brand weapon {unknown}
 u - 2 scrolls of enchant armour {unknown}
 B - 2 scrolls of summoning
 C - a scroll of enchant weapon {unknown}
 D - 3 scrolls of blinking {unknown}
 F - a scroll of acquirement {unknown}
 G - a scroll of immolation {unknown}
 I - a scroll of torment {unknown}
Potions
 d - a potion of might
 h - 5 potions of curing
 i - 2 potions of lignification
 p - a potion of ambrosia
 w - 3 potions of heal wounds
 z - a potion of berserk rage {unknown}
 A - a potion of cancellation {unknown}
 H - 2 potions of enlightenment {unknown}
 K - a potion of degeneration {unknown}


   Skills:
 + Level 7.5 Fighting
 + Level 13.4 Axes
 + Level 7.9 Armour
 + Level 3.0 Dodging
 + Level 0.6 Stealth
 + Level 5.6 Shields
 * Level 4.1 Invocations


You had 9 spell levels left.
You didn't know any spells.
Your spell library contained the following spells:

 Spells                   Type           Power      Damage    Failure   Level
 Apportation              Tloc           0%         N/A       99%         1
 Sandblast                Erth           0%         2d4       99%         1
 Ensorcelled Hibernation  Hex/Ice        0%         N/A       100%        2
 Jinxbite                 Hex            0%         N/A       100%        2
 Lesser Beckoning         Tloc           0%         N/A       100%        2
 Passwall                 Tmut/Erth      0%         N/A       100%        2
 Call Canine Familiar     Summ           0%         N/A       100%        3
 Gell's Gravitas          Tloc           0%         N/A       100%        3
 Sigil of Binding         Hex            0%         N/A       100%        3
 Stone Arrow              Conj/Erth      0%         3d7       100%        3
 Swiftness                Air            0%         N/A       100%        3
 Teleport Other           Tloc           0%         N/A       100%        3
 Animate Armour           Summ/Erth      0%         N/A       100%        4
 Dimensional Bullseye     Hex/Tloc       0%         N/A       100%        4
 Leda's Liquefaction      Hex/Erth       0%         N/A       100%        4
 Summon Lightning Spire   Summ/Air       0%         N/A       100%        4
 Alistair's Intoxication  Tmut/Pois      0%         N/A       100%        5
 Lee's Rapid Deconstruct  Erth           0%         3d4*      100%        5
 Simulacrum               Ice/Necr       0%         N/A       100%        6
 Ozocubu's Refrigeration  Ice            0%         4d7       100%        7
 Polar Vortex             Ice            0%         N/A       100%        9


Dungeon Overview and Level Annotations

Branches:
Dungeon (9/15)             Temple (0/1) D:5         Ossuary (visited)
   Lair: D:8-11         Orc: D:9-12

Altars:
Gozag
Sif Muna
Uskayaw
Xom

Shops:
D:2 ?   D:5 (

Annotations:
D:9 Erolcha


Message History

A starcursed mass splits.
A deep elf demonologist comes into view.
It is wielding a +0 dagger.
A starcursed mass splits.
You block the deep elf demonologist's attack.
A chorus of shrieks assaults your mind.
You barely miss the deep elf demonologist.
The deep elf demonologist gestures wildly while chanting.
A starcursed mass splits.
You miss the deep elf demonologist. A chorus of shrieks assaults your mind.
The deep elf demonologist hits you with a +0 dagger!
You hit the deep elf demonologist but do no damage.
The deep elf demonologist casts a spell.
You feel much better.
The deep elf demonologist closely misses you.
As you read the scroll labelled YSUFIBR TELIQO, it crumbles to dust.
You hear a loud clanging noise!
It was a scroll of noise.
You hear a bellow!
The deep elf demonologist hits you but does no damage.
The balrug gestures at you. The bolt of fire hits you!
As you read the scroll labelled WUZEGO PAUFRU, it crumbles to dust.
Magic quickly surges around you.
It was a scroll of vulnerability.
The balrug gestures at you. The bolt of fire misses you.
The deep elf demonologist closely misses you.
As you read the scroll labelled ESUTTO SACI, it crumbles to dust.
Wisps of shadow whirl around you...
It was a scroll of summoning.
The balrug gestures at you.
The fireball explodes!
The fireball engulfs you!
The fireball engulfs the deep elf demonologist!!
The fireball engulfs your spatial maelstrom!
Your spatial maelstrom resists.
The fireball engulfs the balrug.
The balrug completely resists.
The deep elf demonologist hits your fire bat with a +0 dagger.
The balrug hits you with a +0 demon whip!!
* * * LOW HITPOINT WARNING * * *
You are engulfed in flames!!
You die...

.#
...#...#...X.
# .#...##.#...
#. ......#..#.
#.##.. ##. ..#
#.#. # .... #
###. #○#..#.
#.# .##.######
##.###.###...#
#..XX.2.#@vb#
#.##..##e#2..#
#...###.b..#b#
..... ###
#.... ..#..#
###. ..# .###.
.##.. .. . .
#. ..


You could see a balrug (summoned, weak-willed, ally target), a deep elf
demonologist (distracted, weak-willed, ally target), a friendly spatial
maelstrom (summoned) and 3 friendly fire bats.

Vanquished Creatures
  Pikel (D:9)
  An efreet (Abyss:1)
  Prince Ribbit (D:7)
  A hornet (D:9)
  A steam dragon (D:8)
  Duvessa (D:7)
  A water moccasin (D:5)
  An ice beast (D:7)
  3 orc warriors
  An ogre (D:7)
  A centaur (D:7)
  A lemure (D:9)
  2 phantoms
  2 kobold brigands
  3 bullfrogs
  3 scorpions (D:5)
  A gnoll sergeant (D:8)
  6 wights
  Dowan (D:7)
  4 killer bees (D:9)
  A howler monkey (D:7)
  5 jellies
  3 orc priests
  7 hounds
  A sleepcap (D:8)
  An iguana (D:5)
  7 orc wizards
  Terence (D:2)
  A mummy (Ossuary)
  20 gnolls
  5 adders
  A white imp (D:5)
  2 ufetubi
  2 worms (D:2)
  4 dart slugs
  20 orcs
  2 spectral bats (Ossuary)
  4 bats
  16 endoplasms
  3 giant cockroaches
  6 goblins
  5 hobgoblins
  3 jackals (D:3)
  30 kobolds
  A quokka (D:3)
  4 ball pythons
  4 bat simulacra (Ossuary)
  5 frilled lizards
  12 gnoll zombies (Ossuary)
  5 goblin simulacra (Ossuary)
  3 goblin zombies (Ossuary)
  6 hobgoblin zombies (Ossuary)
  A kobold simulacrum (Ossuary)
  3 kobold zombies (Ossuary)
  6 orc zombies (Ossuary)
  5 rats
  5 rat simulacra (Ossuary)
  2 spectral goblins (Ossuary)
  2 spectral kobolds (Ossuary)
  2 spectral rats (Ossuary)
252 creatures vanquished.

Vanquished Creatures (collateral kills)
  A wraith (D:9)
  A kobold brigand (D:9)
  A gnoll sergeant (D:9)
  A wight (D:9)
  An orc (D:8)
  2 kobolds (D:9)
7 creatures vanquished.

Vanquished Creatures (others)
  2 orc priests
  An orc wizard (D:9)
  3 orcs
6 creatures vanquished.

Grand Total: 265 creatures vanquished

Notes
Turn   | Place    | Note
-------+----------+-------------------------------------------
     0 | D:1      | randomguy2701 the Hill Orc Fighter began the quest for the
                  | Orb.
     0 | D:1      | Reached XP level 1. HP: 19/19 MP: 1/1
    58 | D:1      | Reached XP level 2. HP: 21/27 MP: 2/2
   412 | D:1      | Reached skill level 3 in Axes
   412 | D:1      | Reached XP level 3. HP: 33/33 MP: 3/3
   576 | D:2      | Found a shimmering altar of Xom.
   591 | D:2      | Found Niygenof's Magic Scroll Shop.
   598 | D:2      | Bought a scroll of identify for 24 gold pieces
   613 | D:2      | Noticed Terence
   621 | D:2      | Killed Terence
   622 | D:2      | Reached skill level 4 in Axes
   622 | D:2      | Reached XP level 4. HP: 28/40 MP: 4/4
   909 | D:2      | You fall into a shaft and drop 1 floor!
   919 | D:3      | Reached XP level 5. HP: 46/46 MP: 5/5
   944 | D:3      | Found a hide-covered altar of Uskayaw.
   982 | D:3      | Noticed a phantom
   997 | D:3      | Killed a phantom
   998 | D:3      | Reached skill level 5 in Axes
  1230 | D:3      | Identified the +8 whip "Geifuux" {holy, Int+2 Dex+3}
  1434 | D:3      | Reached XP level 6. HP: 48/53 MP: 6/6
  1435 | D:3      | Reached skill level 6 in Axes
  1755 | D:4      | Reached skill level 1 in Dodging
  2077 | D:4      | Found a shimmering blue altar of Sif Muna.
  2407 | D:5      | Entered Level 5 of the Dungeon
  2443 | D:5      | Reached XP level 7. HP: 58/60 MP: 7/7
  2444 | D:5      | Reached skill level 7 in Axes
  2516 | D:5      | Became a worshipper of Beogh the Brigand
  2518 | D:5      | Found a staircase to the Ecumenical Temple.
  2534 | D:5      | Reached skill level 8 in Axes
  2553 | D:5      | Reached skill level 5 in Fighting
  2622 | D:5      | Found Niavu's Antique Weapon Shoppe.
  2630 | D:5      | Reached skill level 5 in Armour
  2634 | D:5      | Reached XP level 8. HP: 49/68 MP: 8/8
  2642 | D:5      | Reached skill level 9 in Axes
  3057 | D:6      | Reached * piety under Beogh
  3326 | D:6      | Reached skill level 10 in Axes
  3326 | D:6      | Reached skill level 5 in Shields
  3504 | D:7      | Noticed Duvessa
  3505 | D:7      | Noticed Dowan
  3527 | D:7      | Killed Duvessa
  3528 | D:7      | Reached XP level 9. HP: 39/75 MP: 9/9
  3530 | D:7      | Killed Dowan
  3667 | D:7      | Found an opulent altar of Gozag.
  3720 | D:7      | Noticed Prince Ribbit
  3743 | D:7      | Killed Prince Ribbit
  3744 | D:7      | Reached skill level 11 in Axes
  4460 | D:8      | Identified the +4 ring mail "Weme" {Will+}
  4506 | D:8      | Reached ** piety under Beogh
  4507 | D:8      | Reached skill level 12 in Axes
  4533 | D:8      | Found a sand-covered staircase.
  4542 | Ossuary  | Entered an ossuary
  4723 | Ossuary  | Reached *** piety under Beogh
  4996 | D:8      | Reached skill level 1 in Invocations
  5011 | D:8      | Gained Morun as an ally
  5853 | D:9      | Reached XP level 10. HP: 84/84 MP: 9/11
  5921 | D:9      | Reached **** piety under Beogh
  5951 | D:9      | Noticed Pikel
  5959 | D:9      | Killed Pikel
  5959 | D:9      | Your ally Morun died
  5960 | D:9      | Reached skill level 13 in Axes
  6050 | D:9      | Noticed Erolcha
  6059 | Abyss:1  | Cast into level 1 of the Abyss (Erolcha)
  6083 | Abyss:1  | Noticed a starcursed mass
  6102 | Abyss:1  | Noticed a deep elf demonologist
  6107 | Abyss:1  | Noticed a hell beast
  6109 | Abyss:1  | Noticed a balrug
  6113 | Abyss:1  | Mangled by a balrug

Illustrated notes

Levels and vault maps discovered:
D:1:      spicycebolla_green_bress_n_ham, layout_rooms
D:2:      layout_rooms, basic_altar, serial_shops, shop, uniq_terence
D:3:      cheibrodos_fertilizer, layout_basic, mainiacjoe_overflow_brackets
D:4:      layout_loops_cross, nicolae_sif_muna_condensation
D:5:      layout_rooms, minmay_temple_entry_mini_moons, serial_shops,
          nicolae_shop_advertising_works [nicolae_subvault_shop_adworks]
D:6:      layout_rooms, lexackson_kobold_supper
D:7:      layout_cave_pods, overflow_temple_1_default,
          nicolae_fountain_basement, uniq_prince_ribbit1, uniq_duvessa
D:8:      layout_loops_cross, lightli_ossuary_entry_decrepit_ruins,
          minivault_22, kennysheep_nondescript
D:9:      layout_roguey, lair_entry_dummy, uniq_erolcha, uniq_pikel
Abyss:1:  base:
D:8

Skill      XL: |  1  2  3  4  5  6  7  8  9 10 |
---------------+-------------------------------+-----
Fighting       | 4 5 6 7 |  7.5
Axes           | 3 4 5 6 8 10 12 13 | 13.4
Armour         | 4 5 6 7 |  7.9
Shields        | 4 5 |  5.6
Dodging        | 1 2 3 |  3.0
Invocations    | 2 4 |  4.1
Stealth        | |  0.6

Action                     |  1- 3 |  4- 6 |  7- 9 | 10-12 || total
---------------------------+-------+-------+-------+-------++-------
  Melee: War axe           |    75 |   164 |   440 |    54 ||   733
 Invoke: Convert to Beogh  |       |       |     1 |       ||     1
    Use: Scroll            |       |       |     4 |     3 ||     7
         Potion            |       |       |       |     1 ||     1
 Armour: Scale mail        |    53 |    89 |   225 |       ||   367
         Plate armour      |       |       |     4 |    35 ||    39
  Dodge: Dodged            |    34 |   102 |   250 |    29 ||   415
  Block: Buckler           |    11 |    39 |    93 |    17 ||   160

Table legend: (Time is in decaauts)
 A = Elapsed time spent in this place.
 B = Non-inter-level travel time spent in this place.
 C = Inter-level travel time spent in this place.
 D = Time resting spent in this place.
 E = Time spent auto-exploring this place.
 F = Levels seen in this place.
 G = Mean time per level.
                   A        B        C        D        E       F      G
               +--------+--------+--------+--------+--------+-----+--------+
         Total |   6184 |   5616 |    568 |    221 |   3902 |  11 |  562.2 |
       Dungeon |   5737 |   5169 |    568 |    221 |   3728 |   9 |  637.4 |
         Abyss |     52 |     52 |      0 |      0 |      0 |   1 |   52.0 |
       Ossuary |    395 |    395 |      0 |      0 |    174 |   1 |  395.0 |
               +--------+--------+--------+--------+--------+-----+--------+

Top non-repeatable levels by time:
     D:8: 987 daAuts
     D:7: 889 daAuts
     D:3: 780 daAuts
     D:5: 619 daAuts
     D:4: 588 daAuts
     D:2: 582 daAuts
     D:1: 537 daAuts
     D:6: 511 daAuts
 Ossuary: 395 daAuts
     D:9: 240 daAuts
 Abyss:1: 52 daAuts
